 Dungeon Crawl Stone Soup version 0.31.0-4-g52a2dc7128 (webtiles) character file.

Game seed: 16197026334489607575

4951 Charly the Merchant of Misery (level 10, 0/53 HPs)
             Began as a Vine Stalker Necromancer on Jan 21, 2024.
             Was a Believer of Kikubaaqudgha.
             Slain by a vampire (7 damage)
             ... on level 9 of the Dungeon.
             The game lasted 00:43:32 (12221 turns).

Charly the Merchant of Misery (VSNe)               Turns: 12221, Time: 00:43:33

Health: 0/53       AC:  4    Str: 11    XL:     10   Next: 52%
Magic:  0/18       EV: 12    Int: 17    God:    Kikubaaqudgha [**....]
Gold:   175        SH:  5    Dex: 17    Spells: 8/19 levels left

rFire   + . .        b - +3 short sword (speed)
rCold   . . .        (no shield)
rNeg    . . .        G - +0 robe {rF+}
rPois   +            (no helmet)
rElec   .            (no cloak)
rCorr   .            n - +0 pair of gloves
SInv    .            e - +0 pair of boots
Will    ++...        A - amulet of reflection
Stlth   +++          m - ring of willpower
HPRegen 1.08/turn    p - ring of poison resistance
MPRegen 0.16/turn

%: reflection, guardian spirit
@: no status effects
A: fangs 3, regeneration 1, magic shield, antimagic bite, no potion heal 2
a: Renounce Religion, Unearth Wretches


You were on level 9 of the Dungeon.
You worshipped Kikubaaqudgha.
Kikubaaqudgha was pleased with you.
You visited 2 branches of the dungeon, and saw 10 of its levels.

You collected 403 gold pieces.
You spent 228 gold pieces at shops.

Inventory:

Hand Weapons
 a - a +2 dagger of pain
 b - a +3 short sword of speed (weapon)
Missiles
 t - 64 poisoned darts
 z - 4 atropa-tipped darts
 H - a throwing net
 M - 4 curare-tipped darts
Armour
 e - a +0 pair of boots (worn)
 n - a +0 pair of gloves (worn)
 G - a +0 robe of fire resistance (worn)
Jewellery
 f - a ring of fire
 m - a ring of willpower (left hand)
 p - a ring of poison resistance (right hand)
 A - an amulet of reflection (around neck)
Wands
 l - a wand of flame (32)
 y - a wand of roots (9)
 D - a wand of quicksilver (2)
Scrolls
 h - a scroll of fear
 j - a scroll of blinking {unknown}
 k - a scroll of torment {unknown}
 o - 2 scrolls of teleportation
 s - a scroll of vulnerability {unknown}
 u - a scroll of silence
 w - a scroll of brand weapon {unknown}
 C - a scroll of poison
 K - a scroll of enchant armour {unknown}
Potions
 c - a potion of resistance
 d - a potion of cancellation
 g - 6 potions of curing
 i - 2 potions of enlightenment
 q - 3 potions of attraction
 r - a potion of lignification
 v - a potion of haste
 x - a potion of brilliance
 B - a potion of berserk rage
 E - a potion of magic
 F - a potion of invisibility
 J - a potion of mutation


   Skills:
 + Level 6.6 Fighting
 * Level 2.2 Short Blades
 - Level 1.5 Dodging
 - Level 5.0 Stealth
 + Level 5.3 Spellcasting
 * Level 10.4 Necromancy
 + Level 5.9 Evocations


You had 8 spell levels left.
You knew the following spells:

 Your Spells              Type           Power      Damage    Failure   Level
a - Animate Dead          Necr           40%        N/A       1%          4
b - Necrotise             Necr           100%       1d9       1%          1
c - Fugue of the Fallen   Necr           40%        N/A       1%          3
z - Vampiric Draining     Necr           40%        2d8       1%          3

Your spell library contained the following spells:

 Spells                   Type           Power      Damage    Failure   Level
 Sublimation of Blood     Necr           40%        N/A       1%          2
 Cigotuvi's Dreadful Rot  Necr/Alch/Air  32%        N/A       4%          2
 Curse of Agony           Necr           40%        N/A       5%          5
 Blink                    Tloc           8%         N/A       22%         2
 Lesser Beckoning         Tloc           8%         N/A       22%         2
 Momentum Strike          Conj/Tloc      8%         3d8       22%         2


Dungeon Overview and Level Annotations

Branches:
Dungeon (9/15)             Temple (1/1) D:6            Lair (0/5) D:9
    Orc: D:9-12

Altars:
Ashenzari
Cheibriados
Dithmenos
Elyvilon
Fedhas
Gozag
Hepliaklqana
Kikubaaqudgha
Makhleb
Nemelex Xobeh
Okawaru
Qazlal
Ru
Sif Muna
Trog
Vehumet
Wu Jian
Xom
Yredelemnul
Zin
The Shining One

Shops:
D:1 *   D:2 [   D:8 (

Annotations:
D:3 3 runed translucent doors, Sapher's ghost, weakling OnWr; diceflayer's ghost, amateur DsFi


Innate Abilities, Weirdness & Mutations

You have razor-sharp teeth.
Your natural rate of healing is unusually fast.
When hurt, damage is shared between your health and your magic reserves.
Your bite disrupts and absorbs the magic of your enemies.
Potions cannot restore your health.


Message History

You hear the creaking of a distant portcullis.
You block the vampire's attack. The vampire bites you.
The vampire draws strength from your injuries!
You barely miss the vampire. Your bite misses the vampire.
The vampire is heavily damaged.
You hit the vampire. You bite the vampire, but do no damage.
The vampire is heavily damaged.
The vampire misses you. You block the vampire's attack.
You barely miss the vampire. You bite the vampire, but do no damage.
The vampire is heavily damaged.
You barely miss the vampire.
The vampire is heavily damaged.
The vampire hits you! The vampire bites you!
* * * LOW HITPOINT WARNING * * *
The vampire draws strength from your injuries!
Aiming: Fastroot
Press: ? - help, Shift-Dir - straight line, f/p - vampire
Aim: a vampire (moderately damaged, magic disrupted)
The roots erupt in riotous growth!
Roots grab the vampire.
The grasping roots constrict the vampire!
The vampire hits you!
* * * LOW HITPOINT WARNING * * *
The vampire closely misses you.
The grasping roots constrict the vampire.
The roots release their grip on the vampire.
The vampire attacks as it pursues you! The vampire hits you!
* * * LOW HITPOINT WARNING * * *
The vampire bites you!
* * * LOW HITPOINT WARNING * * *
The vampire draws strength from your injuries!
Aiming: Fastroot
Press: ? - help, Shift-Dir - straight line, f/p - vampire
Aim: a vampire (heavily damaged, magic disrupted)
The roots erupt in riotous growth!
Roots grab the vampire.
The grasping roots constrict the vampire, but do no damage.
The vampire hits you!
You die...
Kikubaaqudgha rasps: "You have failed me!
Welcome... death!"

#........... #.#########.
#.# #. ## #.# #. ...####
#.# #. .......
###.#########. .......
#!..........#.
.......#####.##.######.#.
.......V@............#.#.
.......####.#.#...#..#.#.
...###[#..#...#...#....#.
? #.#.....(....######.
#.##.###.#.#....†... #.
#. #.#.########. #. #
#.#.......... #.##
#)##########. #.....< #.#
##


You could see a vampire (rooted, magic disrupted).

Vanquished Creatures
  Pikel (D:6)
  Joseph (D:8)
  A kobold demonologist (D:8)
  A hornet (D:9)
  A wyvern (D:9)
  Duvessa (D:7)
  2 water moccasins
  An orc warrior (D:8)
  2 black bears
  2 ogres (D:5)
  4 ice beasts
  A centaur (D:8)
  13 kobold brigands
  Blork the orc (D:6)
  3 bullfrogs
  3 scorpions (D:5)
  Dowan (D:7)
  A howler monkey (D:9)
  2 bombardier beetles
  2 gnoll boudas
  2 hounds
  2 jellies
  4 iguanas
  6 orc wizards
  Ijyb (D:3)
  A mummy (D:5)
  9 gnolls
  6 adders
  3 shadow imps
  A white imp (D:6)
  5 ribbon worms
  24 orcs
  10 endoplasms
  5 giant cockroaches
  5 goblins
  8 hobgoblins
  10 jackals
  20 kobolds
  A quokka (D:4)
  5 ball pythons
  6 bats
  4 frilled lizards
  3 hobgoblin zombies (D:5)
  An orc zombie (D:5)
  A rat (D:3)
187 creatures vanquished.

Vanquished Creatures (collateral kills)
  A kobold brigand (D:8)
  A bullfrog (D:7)
  2 gnolls (D:7)
  An orc (D:6)
  3 kobolds
8 creatures vanquished.

Vanquished Creatures (others)
  2 bullfrog zombies
  4 kobold zombies (D:8)
  An elf zombie (D:7)
  2 gnoll zombies (D:7)
  An orc zombie (D:8)
10 creatures vanquished.

Grand Total: 205 creatures vanquished

Notes
Turn   | Place    | Note
-------+----------+-------------------------------------------
     0 | D:1      | Charly the Vine Stalker Necromancer began the quest for the
                  | Orb.
     0 | D:1      | Reached XP level 1. HP: 9/9 MP: 4/4
   292 | D:1      | Found Temig's General Store.
   301 | D:1      | Reached XP level 2. HP: 14/14 MP: 0/6
   501 | D:1      | Bought a scroll of identify for 20 gold pieces
   599 | D:1      | Reached skill level 1 in Fighting
  1304 | D:2      | Found Ryiwoini's Antique Armour Emporium.
  1316 | D:2      | Reached XP level 3. HP: 18/18 MP: 3/7
  1425 | D:2      | Learned a level 3 spell: Vampiric Draining
  2458 | D:2      | Reached XP level 4. HP: 20/23 MP: 0/8
  3040 | D:1      | Bought a scroll of poison for 40 gold pieces
  3307 | D:3      | Found a runed translucent gate.
  3307 | D:3      | Found a runed translucent gate.
  3307 | D:3      | Found a runed translucent gate.
  3599 | D:3      | Noticed Ijyb
  3901 | D:4      | Reached XP level 5. HP: 27/27 MP: 5/9
  4267 | D:4      | Reached skill level 5 in Necromancy
  4477 | D:4      | Reached XP level 6. HP: 31/32 MP: 1/10
  5578 | D:5      | Entered Level 5 of the Dungeon
  5835 | D:5      | Reached skill level 5 in Stealth
  5835 | D:5      | Reached XP level 7. HP: 37/37 MP: 11/11
  5867 | D:5      | Reached skill level 6 in Necromancy
  6709 | D:5      | Reached skill level 1 in Evocations
  7391 | D:6      | Noticed Blork the orc
  7528 | D:5      | Gained mutation: You have razor-sharp teeth. [Vine Stalker
                  | growth]
  7528 | D:5      | Reached XP level 8. HP: 36/42 MP: 10/12
  7594 | D:6      | Reached skill level 7 in Necromancy
  7970 | D:6      | Found a glowing golden altar of the Shining One.
  8066 | D:6      | Noticed Pikel
  8094 | D:6      | Found a stormy altar of Qazlal.
  8104 | D:6      | Noticed a water elemental
  8175 | D:6      | Noticed an air elemental
  8248 | D:6      | Found a shimmering blue altar of Sif Muna.
  8249 | D:6      | Found an iron altar of Okawaru.
  8414 | D:6      | Found a staircase to the Ecumenical Temple.
  8431 | Temple   | Entered the Ecumenical Temple
  8500 | Temple   | Became a worshipper of Kikubaaqudgha
  9125 | D:7      | Identified the +1 ring mail "Buogudwau" {+Blink}
  9140 | D:7      | Noticed Duvessa
  9140 | D:7      | Noticed Dowan
  9212 | D:6      | Killed Pikel
  9213 | D:6      | Reached skill level 5 in Fighting
  9213 | D:6      | Reached skill level 8 in Necromancy
  9213 | D:6      | Reached XP level 9. HP: 36/47 MP: 4/14
  9470 | D:3      | Killed Ijyb
  9969 | D:3      | Noticed Sapher's ghost (weakling OnWr)
  9969 | D:3      | Noticed diceflayer's ghost (amateur DsFi)
 10104 | D:6      | Killed Blork the orc
 10460 | D:1      | Bought a wand of quicksilver (4) for 168 gold pieces
 10608 | D:6      | Learned a level 4 spell: Animate Dead
 10618 | D:7      | Killed Duvessa
 10619 | D:7      | Reached skill level 5 in Evocations
 10660 | D:7      | Your ally Duvessa died
 10661 | D:7      | Killed Dowan
 10867 | D:7      | Reached skill level 9 in Necromancy
 11302 | D:8      | Noticed Joseph
 11374 | D:8      | Found Cedik's Weapon Emporium.
 11455 | D:8      | Noticed a kobold demonologist
 11472 | D:8      | Reached * piety under Kikubaaqudgha
 11472 | D:8      | Received a gift from Kikubaaqudgha
 11504 | D:8      | Noticed an orange demon
 11504 | D:8      | Killed a kobold demonologist
 11516 | D:8      | Reached XP level 10. HP: 51/53 MP: 17/17
 11552 | D:8      | Reached skill level 10 in Necromancy
 11610 | D:8      | Learned a level 3 spell: Fugue of the Fallen
 11780 | D:8      | Reached skill level 1 in Short Blades
 11780 | D:8      | Reached skill level 5 in Spellcasting
 11807 | D:8      | Killed Joseph
 11807 | D:8      | Reached ** piety under Kikubaaqudgha
 12013 | D:9      | Found a staircase to the Lair.
 12221 | D:9      | Slain by a vampire

Illustrated notes

Levels and vault maps discovered:
D:1:      dpeg_arrival_tiny_c, layout_loops_ring, serial_shops, shop
D:2:      minmay_chambers_of_ones, layout_basic, serial_shops, shop,
          roderic_lattice_a, minmay_misc_feat_rugged
D:3:      layout_loops_ring, gammafunk_ghost_cemetery, uniq_ijyb
D:4:      layout_basic
D:5:      layout_loops_corners, minmay_mini_ossuary
D:6:      layout_basic, nicolae_tso_carved_into_rock,
          grunt_temple_overflow_open, nicolae_qazlal_style_of_elements,
          minmay_temple_entry_junction, chequers_serial_rivers_micro_e,
          kennysheep_diamond, uniq_blork_the_orc, uniq_pikel
D:7:      layout_rooms, uniq_duvessa
D:8:      layout_basic, special_room [special_room_kobold], serial_shops, shop,
          uniq_joseph
D:9:      layout_basic, lair_entry_dummy, enter_bailey_4, uniq_erolcha
Temple:   minmay_temple_bridge_d

Skill      XL: |  1  2  3  4  5  6  7  8  9 10 |
---------------+-------------------------------+-----
Fighting       | 1 2 3 4 5 6 |  6.6
Stealth        | 3 4 5 |  5.0
Necromancy     | 5 6 8 9 10 | 10.4
Evocations     | 2 4 5 |  5.9
Spellcasting   | 3 4 5 |  5.3
Short Blades   | 2 |  2.2
Dodging        | |  1.5

Action                     |  1- 3 |  4- 6 |  7- 9 | 10-12 || total
---------------------------+-------+-------+-------+-------++-------
  Melee: Unarmed           |     3 |       |       |       ||     3
         Dagger            |     5 |    26 |   126 |   105 ||   262
         Bite              |     1 |     8 |    47 |    40 ||    96
         Punch             |       |       |     6 |       ||     6
         Short sword       |       |       |       |    20 ||    20
  Throw: Dart              |       |    23 |    19 |     4 ||    46
         Throwing net      |       |       |     1 |       ||     1
   Cast: Necrotise         |    74 |   129 |   126 |       ||   329
         Vampiric Draining |       |     1 |    19 |     7 ||    27
         Animate Dead      |       |       |     5 |     1 ||     6
         Fugue of the Fall |       |       |       |     3 ||     3
  Evoke: Wand              |       |       |    19 |     6 ||    25
    Use: Scroll            |     3 |     3 |     8 |     7 ||    21
         Potion            |       |     2 |       |       ||     2
   Stab: Sleeping          |     1 |     2 |     3 |       ||     6
         Distracted        |       |       |     3 |     1 ||     4
 Armour: Robe              |     7 |    25 |    73 |    83 ||   188
         Skin              |       |     4 |       |       ||     4
  Dodge: Dodged            |     9 |    34 |    47 |    51 ||   141
  Block: Other             |       |       |    23 |    40 ||    63
         Reflection        |       |       |       |     4 ||     4
